AoeStats
← BlueThunder581

Arena

510014786Analyzed
3v3 RM · 3d ago on Sep 29, 2026· 37m 56s· 6 players
Game mode
Random Map
Map size
Normal (6 player)
Population
200
Speed
Normal
Resources
Standard
Victory
Conquest
Starting age
Dark Age
Ending age
Imperial Age
RankedLock teamsTeams togetherTeam positionsShared explorationLock speedFull tech treeHidden civsTurbo modeCheats
Victory
Defeat
🇺🇸 Mongols · United States
766
+15
🇺🇸 Turks · United States
756
+16
🇳🇿 Malay · New Zealand
755
+16
🇪🇸 Chinese · Spain
783
-17
🇨🇳 Huns · China
765
-16
🇺🇸 Khmer · United States
700
-14
BlueThunder581
5:25 Loom
12:11 Feudal Age
12:37 Horse Collar
12:45 Double-Bit Axe
15:41 Gold Mining
21:18 Castle Age
20:15 Scale Barding Armor
22:26 Bow Saw
23:57 Husbandry
25:17 Fervor
25:00 Town Watch
25:51 Wheelbarrow
28:17 Heavy Plow
28:58 Stone Mining
29:36 Caravan
33:09 Bloodlines
33:37 Fletching
33:58 Forging
34:09 Chain Barding Armor
39:09 Imperial Age
36:25 Treadmill Crane
Dookie Master
8:52 Loom
11:18 Feudal Age
12:05 Double-Bit Axe
13:12 Horse Collar
17:55 Castle Age
16:26 Fletching
17:30 Bloodlines
21:11 Scale Barding Armor
22:38 Bodkin Arrow
24:16 Town Watch
25:09 Wheelbarrow
25:25 Ballistics
25:20 Padded Archer Armor
28:22 Crossbowman
29:31 Bow Saw
30:21 Heavy Plow
30:36 Scale Mail Armor
31:46 Husbandry
32:43 Masonry
32:57 Leather Archer Armor
39:42 Imperial Age
37:30 Hand Cart
37:49 Thumb Ring
38:00 Forging
38:02 Caravan
xxx_Panther_xxx1
9:20 Loom
11:06 Feudal Age
16:21 Castle Age
15:02 Double-Bit Axe
19:41 Horse Collar
24:24 Bow Saw
26:32 Scale Barding Armor
26:51 Forging
28:49 Husbandry
29:35 Fletching
31:47 Bodkin Arrow
32:28 Iron Casting
33:53 Heavy Plow
RadCargo6254
0:46 Loom
13:59 Feudal Age
16:29 Wheelbarrow
15:40 Town Watch
15:49 Stone Mining
19:55 Castle Age
31:23 Murder Holes
33:35 Ballistics
34:28 Stone Shaft Mining
33:44 Gold Mining
35:00 Hand Cart
Acero
0:34 Loom
11:44 Feudal Age
13:54 Double-Bit Axe
18:16 Castle Age
16:24 Horse Collar
17:33 Stone Mining
20:06 Stone Shaft Mining
24:32 Padded Archer Armor
24:24 Fletching
25:28 Heavy Plow
25:42 Bow Saw
27:18 Thumb Ring
28:34 Ballistics
28:33 Leather Archer Armor
28:14 Bodkin Arrow
29:51 Gold Mining
35:06 Imperial Age
33:43 Gold Shaft Mining
noob
8:46 Loom
10:56 Feudal Age
11:20 Horse Collar
11:27 Double-Bit Axe
14:25 Gold Mining
18:13 Castle Age
17:37 Scale Barding Armor
18:51 Bloodlines
20:37 Forging
22:34 Heavy Plow
22:52 Bow Saw
23:23 Stone Mining
25:15 Husbandry
27:20 Iron Casting
35:42 Imperial Age
34:45 Chain Barding Armor
35:02 Ballistics
38:29 Conscription
38:55 Plate Barding Armor
39:22 Chemistry
Connection lost

Rejoining the realm…

Still unreachable

The connection could not be restored.

Session expired

The server has moved on; the page needs a fresh start.